 Dungeon Crawl Stone Soup version 0.30-a0-691-g754fce4c43 (webtiles) character file.

Game seed: 18026297432292145424

3084 Decipherer the Trooper (level 9, -2/81 HPs)
             Began as a Minotaur Berserker on Jan 19, 2023.
             Was a High Priest of Trog.
             Engulfed by a steam dragon's steam (13 damage)
             ... on level 8 of the Dungeon.
             The game lasted 00:09:02 (7258 turns).

Decipherer the Trooper (Minotaur Berserker)         Turns: 7258, Time: 00:09:03

Health: -2/81      AC: 15    Str: 24    XL:     9   Next: 58%
Magic:  8/8        EV:  7    Int:  7    God:    Trog [*****.]
Gold:   205        SH: 14    Dex: 16    Spells: 8/8 levels left

rFire   x . .      SeeInvis +    f - +1 flail of Subjectivity {flame, *Noise rF- Int+3 Dex+4}
rCold   . . .      Faith    .    J - +0 tower shield
rNeg    . . .      Spirit   .    B - +0 chain mail
rPois   +          Reflect  .    F - +1 hat
rElec   .          Harm     .    (no cloak)
rCorr   .          Rampage  .    y - +0 pair of gloves
Will    .....                    E - +1 pair of boots {Fly} Stlth
                                 (no amulet)
HPRegen 0.33/turn                g - ring of flight
MPRegen 0.11/turn                (no ring)

@: flying
A: horns 2, retaliatory headbutt, see invisible, poison resistance, noise
suppression
a: Renounce Religion, Berserk, Trog's Hand, Brothers in Arms


You were on level 8 of the Dungeon.
You worshipped Trog.
Trog was extremely pleased with you.
You visited 1 branch of the dungeon, and saw 8 of its levels.
You also visited: Sewer and Ossuary.

You collected 816 gold pieces.
You spent 611 gold pieces at shops.

Inventory:

Hand Weapons
 f - the +1 flail of Subjectivity (weapon) {flame, *Noise rF- Int+3 Dex+4}
   (You found it on level 5 of the Dungeon)

   Int:       It affects your intelligence (+3).
   Dex:       It affects your dexterity (+4).
   rF:        It makes you vulnerable to fire.
   *Noise:    It may make noises in combat.
Missiles
 l - 18 poisoned darts
 r - 5 javelins
 G - 3 curare-tipped darts
 M - a throwing net
Armour
 y - a +0 pair of gloves (worn)
 B - a +0 chain mail (worn)
 E - a +1 pair of boots of flying (worn)
 F - a +1 hat (worn)
 J - a +0 tower shield (worn)
 K - a +0 barding
Jewellery
 g - a ring of flight (left hand)
Wands
 i - a wand of mindburst (34)
 x - a wand of iceblast (8)
 H - a wand of flame (10)
Scrolls
 c - 4 scrolls of torment
 d - 2 scrolls of fog
 e - 5 scrolls of blinking
 h - a scroll of butterflies {unknown}
 k - 2 scrolls of fear
 n - 3 scrolls of immolation
 q - 2 scrolls of silence {unknown}
 s - 2 scrolls of poison {unknown}
 C - 2 scrolls of amnesia {unknown}
 L - 3 scrolls of teleportation {unknown}
 N - a scroll of vulnerability {unknown}
 P - a scroll of enchant armour {unknown}
Potions
 a - a potion of magic {unknown}
 b - 2 potions of mutation
 j - 7 potions of flight
 m - a potion of might {unknown}
 p - 2 potions of haste
 t - a potion of ambrosia {unknown}
 u - 2 potions of invisibility
 v - a potion of berserk rage {unknown}
 w - 5 potions of heal wounds
 z - a potion of resistance
 A - 3 potions of degeneration
 D - a potion of lignification {unknown}
 I - 5 potions of curing
 O - 2 potions of attraction {unknown}


   Skills:
 + Level 7.9 Fighting
 + Level 7.4 Maces & Flails
 + Level 7.2 Polearms
 + Level 7.7 Armour
 + Level 4.3 Dodging
 + Level 1.5 Stealth
 + Level 5.8 Shields


You had 8 spell levels left.
You didn't know any spells.
Your spell library contained the following spells:

 Spells                   Type           Power      Damage    Failure   Level
 Apportation              Tloc           0%         N/A       100%        1
 Necrotise                Necr           0%         1d4       100%        1
 Summon Small Mammal      Summ           0%         N/A       100%        1
 Ensorcelled Hibernation  Hex/Ice        0%         N/A       100%        2
 Lesser Beckoning         Tloc           0%         N/A       100%        2
 Passwall                 Tmut/Erth      0%         N/A       100%        2
 Scorch                   Fire           0%         2d5       100%        2
 Gell's Gravitas          Tloc           0%         N/A       100%        3
 Portal Projectile        Hex/Tloc       0%         N/A       100%        3
 Swiftness                Air            0%         N/A       100%        3
 Teleport Other           Tloc           0%         N/A       100%        3
 Tukima's Dance           Hex            0%         N/A       100%        3
 Flame Wave               Conj/Fire      0%         2d4       100%        4
 Blade Hands              Tmut           0%         N/A       100%        5
 Summon Cactus Giant      Summ           0%         N/A       100%        6


Dungeon Overview and Level Annotations

Branches:
Dungeon (8/15)             Temple (0/1) D:6           Sewer (visited)
Ossuary (visited)
   Lair: D:8-11

Altars:
Gozag
Makhleb
Okawaru
The Shining One

Shops:
D:5 !([(=   D:7 *   D:8 [


Innate Abilities, Weirdness & Mutations

You have a pair of horns on your head.
You reflexively headbutt those who attack you in melee.
You have supernaturally acute eyesight. (SInv)
Your system is resistant to poisons. (rPois)
You passively dampen the noise of your surroundings.


Message History

You block the hornet's attack. The hornet stings you.
* * * LOW HITPOINT WARNING * * *
The hornet stings you but does no damage.
A red film seems to cover your vision as you go berserk!
You feel yourself moving faster!
You feel mighty! The hornet stings you.
* * * LOW HITPOINT WARNING * * *
You miss the hornet.
The hornet is moderately wounded.
The hornet stings you!
* * * LOW HITPOINT WARNING * * *
The hornet closely misses you. You furiously retaliate!
You headbutt the hornet! You hit the hornet. You burn the hornet.
You headbutt the hornet!
You kill the hornet!
Trog accepts your kill.
You feel a strong urge to attack something.
You feel your anger nearly subside.
You are no longer berserk.
You are exhausted.
You feel yourself slow down.
Your skin crawls.
You feel strong-willed.
You hear the faint creaking of a portcullis nearby.
You feel the effects of Trog's Hand fading.
Found a scroll of fear.
Your skin stops crawling.
You feel less strong-willed.
You feel yourself speed up.
Found a scale mail.
Found a stone staircase leading up.
k - 2 scrolls of fear (gained 1)
You recover from your berserk rage.
Found a potion of curing.
You see here a +0 scale mail.
There is a stone staircase leading up here.
A steam dragon comes into view.
The steam dragon hisses angrily.
The steam dragon breathes steam at you. The ball of steam hits you!!!
The steam scalds you terribly!
* * * LOW HITPOINT WARNING * * *
A shadow imp comes into view.
You are engulfed in a cloud of scalding steam.
You die...

#### ....# ..... ###.#.
......################
#.........[<§§§@§D....
#..............§§!.....
##.#####.#########......
...# #.# 5..... ..#
#.####.# ..... #.#
#......# .....
#.#####.###### ....
#.......# ...# #.#######


You could see a steam dragon (catching breath) and a shadow imp (wandering).

Vanquished Creatures
  A hornet (D:8)
  A steam dragon (D:6)
  2 water moccasins
  2 orc warriors (D:6)
  A black bear (D:5)
  An ogre (D:5)
  2 phantoms
  A gnoll sergeant (D:6)
  3 kobold brigands
  A necrophage (D:7)
  2 bullfrogs
  6 scorpions
  3 orc priests
  2 gnoll boudas
  3 hounds
  A jelly (D:6)
  5 iguanas
  4 orc wizards
  8 mummies (Ossuary)
  Robin (D:2)
  23 gnolls
  14 adders
  4 river rats (Sewer)
  A shadow imp (D:7)
  A white imp (D:7)
  2 ufetubi
  4 dart slugs
  24 orcs
  11 endoplasms
  3 giant cockroaches
  2 gnoll zombies (Ossuary)
  13 goblins
  12 hobgoblins
  6 jackals
  11 quokkas
  14 ball pythons
  14 bats
  7 frilled lizards
  37 kobolds
  2 kobold zombies (Ossuary)
  4 orc zombies (Ossuary)
  A quokka zombie (D:5)
  4 rats
  A rat zombie (D:5)
265 creatures vanquished.

Vanquished Creatures (others)
  9 plants (D:5)
9 creatures vanquished.

Grand Total: 274 creatures vanquished

Notes
Turn   | Place    | Note
-------+----------+-------------------------------------------
     0 | D:1      | Decipherer the Minotaur Berserker began the quest for the
                  | Orb.
     0 | D:1      | Reached XP level 1. HP: 19/19 MP: 0/0
   271 | D:1      | Reached XP level 2. HP: 26/27 MP: 1/1
   886 | D:2      | Reached XP level 3. HP: 30/33 MP: 2/2
  1013 | D:2      | Reached ** piety under Trog
  1111 | D:2      | Noticed Robin
  1125 | D:2      | Killed Robin
  1128 | D:2      | Reached XP level 4. HP: 16/41 MP: 3/3
  2017 | D:3      | Reached skill level 5 in Polearms
  2200 | D:3      | Reached XP level 5. HP: 43/47 MP: 4/4
  2755 | D:4      | Reached skill level 5 in Fighting
  2755 | D:4      | Reached XP level 6. HP: 29/56 MP: 5/5
  3012 | D:4      | Reached *** piety under Trog
  3578 | D:5      | Entered Level 5 of the Dungeon
  3589 | D:5      | Reached XP level 7. HP: 50/61 MP: 6/6
  3593 | D:5      | Found Soism's Jewellery Shoppe.
  3603 | D:5      | Identified the +1 flail of Subjectivity {flame, *Noise rF-
                  | Int+3 Dex+4}
  3627 | D:5      | Reached skill level 1 in Stealth
  3634 | D:5      | Reached skill level 5 in Armour
  3667 | D:5      | Found Zaaruj's Antique Weapon Boutique.
  3683 | D:5      | Reached skill level 1 in Shields
  3708 | D:5      | Found Ocvil's Antique Weapon Emporium.
  3719 | D:5      | Found a burning altar of Makhleb.
  3719 | D:5      | Found an opulent altar of Gozag.
  3732 | D:5      | Reached skill level 1 in Maces & Flails
  3766 | D:5      | Found a sand-covered staircase.
  3780 | Ossuary  | Entered an ossuary
  3850 | Ossuary  | Gained mutation: You passively dampen the noise of your
                  | surroundings. [potion of mutation]
  3850 | Ossuary  | Gained mutation: Your system is resistant to poisons.
                  | (rPois) [potion of mutation]
  3850 | Ossuary  | Gained mutation: You have supernaturally acute eyesight.
                  | (SInv) [potion of mutation]
  4128 | D:5      | Found Denk's Antique Armour Shoppe.
  4139 | D:5      | Bought a pair of embroidered boots for 195 gold pieces
  4139 | D:5      | Bought a runed hat for 182 gold pieces
  4179 | D:5      | Reached XP level 8. HP: 61/71 MP: 7/7
  4187 | D:5      | Reached **** piety under Trog
  4320 | D:5      | Found Ecreidu's Distillery.
  4328 | D:5      | Bought a potion of flight for 33 gold pieces
  4328 | D:5      | Bought a potion of curing for 33 gold pieces
  5235 | D:6      | Reached skill level 5 in Maces & Flails
  5235 | D:6      | Found a staircase to the Ecumenical Temple.
  5322 | D:6      | Found a glowing drain.
  5326 | Sewer    | Entered a sewer
  5461 | Sewer    | Reached ***** piety under Trog
  5919 | D:6      | Reached XP level 9. HP: 55/79 MP: 8/8
  5923 | D:6      | Found a large runed translucent door.
  5923 | D:6      | Found a large runed translucent door.
  6132 | D:6      | Reached skill level 5 in Shields
  6513 | D:6      | Found a glowing golden altar of the Shining One.
  6525 | D:6      | Found an iron altar of Okawaru.
  6938 | D:7      | Found Coidof's Assorted Antiques.
  6999 | D:7      | Bought a potion of heal wounds for 140 gold pieces
  6999 | D:7      | Bought a scroll labelled POUFICRYJA for 28 gold pieces
  7196 | D:8      | Found Wuriugh's Armour Emporium.
  7258 | D:8      | Engulfed by a steam dragon's steam

Illustrated notes

Levels and vault maps discovered:
D:1:      scummos_arrival_simple_fountains, layout_basic
D:2:      layout_basic, uniq_robin
D:3:      minmay_chambers_of_threes, layout_basic
D:4:      layout_cave_pools
D:5:      kennysheep_kobold_camp, layout_basic, jmf_multi_god_temple,
          enter_ossuary_4, serial_shops, shop, shop, nicolae_lakefront_shop,
          shop, shop, grunt_ministairs_2, minmay_misc_feat_four_crosses
D:6:      layout_cave_pools, jmf_multi_god_temple2,
          minmay_temple_entry_drinking_statues, gup_sewer_entry_bowl,
          patterned_corridor
D:7:      layout_basic, serial_shops, shop
D:8:      layout_loops_ring, nicolae_dithmenos_shadow_blocks,
          mainiacjoe_overflow_alcove_1, enter_bailey_5, serial_shops,
          nicolae_stop_n_shop_2

Skill      XL: |  1  2  3  4  5  6  7  8  9 |
---------------+----------------------------+-----
Fighting       | 4 5 6 7 |  7.9
Polearms       | 4 5 6 7 |  7.2
Armour         | 3 4 5 6 7 |  7.7
Dodging        | 3 4 |  4.3
Stealth        | 1 |  1.5
Shields        | 1 4 5 |  5.8
Maces & Flails | 2 5 7 |  7.4

Action                   |  1- 3 |  4- 6 |  7- 9 || total
-------------------------+-------+-------+-------++-------
Melee: Spear             |   105 |   141 |       ||   246
       Headbutt          |    11 |    18 |    63 ||    92
       Punch             |       |     1 |       ||     1
       Trident           |       |    25 |       ||    25
       Flail             |       |       |   383 ||   383
Invok: Berserk           |     1 |     2 |     9 ||    12
       Trog's Hand       |       |       |     2 ||     2
  Use: Potion            |       |       |     7 ||     7
       Scroll            |       |       |     9 ||     9
 Stab: Sleeping          |     1 |       |       ||     1
       Invisible         |       |       |     1 ||     1
Armor: Animal skin       |     2 |       |       ||     2
       Ring mail         |    20 |    37 |       ||    57
       Chain mail        |       |     1 |   255 ||   256
Dodge: Dodged            |    42 |    57 |   194 ||   293
Block: Kite shield       |       |     8 |   231 ||   239
       Tower shield      |       |       |    25 ||    25

Table legend: (Time is in decaauts)
 A = Elapsed time spent in this place.
 B = Non-inter-level travel time spent in this place.
 C = Inter-level travel time spent in this place.
 D = Time resting spent in this place.
 E = Time spent auto-exploring this place.
 F = Levels seen in this place.
 G = Mean time per level.
                   A        B        C        D        E       F      G
               +--------+--------+--------+--------+--------+-----+--------+
         Total |   7434 |   7181 |    253 |      0 |   5396 |  10 |  743.4 |
       Dungeon |   6560 |   6307 |    253 |      0 |   4770 |   8 |  820.0 |
         Sewer |    535 |    535 |      0 |      0 |    374 |   1 |  535.0 |
       Ossuary |    338 |    338 |      0 |      0 |    252 |   1 |  338.0 |
               +--------+--------+--------+--------+--------+-----+--------+

Top non-repeatable levels by time:
     D:5: 1294 daAuts
     D:2: 1076 daAuts
     D:6: 1000 daAuts
     D:4: 950 daAuts
     D:3: 781 daAuts
     D:1: 766 daAuts
     D:7: 615 daAuts
   Sewer: 535 daAuts
 Ossuary: 338 daAuts
     D:8: 74 daAuts
